 Dungeon Crawl Stone Soup version 0.31-a0-1570-g93c622d222 (webtiles) character file.

Game seed: 10576726514199393801

27 MackTheKnife the Trooper (level 3, -3/34 HPs)
             Began as a Naga Berserker on Jan 3, 2024.
             Was a Follower of Trog.
             Slain by a ribbon worm (6 damage)
             ... on level 2 of the Dungeon.
             The game lasted 00:00:47 (253 turns).

MackTheKnife the Trooper (Naga Berserker)            Turns: 253, Time: 00:00:48

Health: -3/34      AC:  2    Str: 21    XL:     3   Next: 10%
Magic:  3/3        EV:  9    Int:  7    God:    Trog [*.....]
Gold:   6          SH:  0    Dex: 10    Spells: 2/2 levels left

rFire   . . .        a - +0 hand axe {axe}
rCold   . . .        (no shield)
rNeg    . . .        b - +0 animal skin
rPois   +            (no helmet)
rElec   .            (no cloak)
rCorr   .            (no gloves)
SInv    +            (no barding)
Will    .....        (no amulet)
Stlth   +            (no ring)
HPRegen 0.25/turn    (no ring)
MPRegen 0.08/turn

%: no passive effects
@: on berserk cooldown, slowed, very slow
A: AC +1, large, see invisible, deformed body, poison resistance, slowness 2,
spit poison 1, naga tail 1
a: Spit Poison, Renounce Religion, Berserk


You were on level 2 of the Dungeon.
You worshipped Trog.
Trog was aware of your devotion.
You visited 1 branch of the dungeon, and saw 2 of its levels.

You collected 6 gold pieces.


Innate Abilities, Weirdness & Mutations

Your serpentine skin is tough. (AC +1)
You have supernaturally acute eyesight. (SInv)
Armour fits poorly on your strangely shaped body.
Your system is resistant to poisons. (rPois)
You cover ground very slowly.
You can spit poison.
You have a snake-like lower body.


   Skills:
 + Level 3.6 Fighting
 + Level 3.6 Axes
 - Level 1.5 Armour
 - Level 1.5 Dodging


You had 2 spell levels left.
You didn't know any spells.
Your spell library was empty.

Inventory:

Hand Weapons
 a - a +0 hand axe (weapon) {axe}
Missiles
 e - 5 curare-tipped darts {=fthrowing}
Armour
 b - a +0 animal skin (worn)
Scrolls
 c - a scroll of enchant weapon {unknown}
 f - a scroll of identify {unknown}
Potions
 d - a potion of enlightenment {unknown}
 g - a potion of magic {unknown}

Dungeon Overview and Level Annotations

Branches:
Dungeon (2/15) Zot: 11656

Altars:

#....# .###
#....###.#. #....#....
#.......%# #b.......#
#........######
#....#......#
########..#####.#
#...w@††........###+##
#.######..###.........
#. #...##......... #.
#.#.##......... #.
#.#..#......... #.
#.##.#......... #w
#.##........... #.
#..............
#####..........


You could see a ribbon worm.


Message History

Aim: an adder (37% to hit)
The splash of poison hits the adder.
The adder is poisoned.
The adder closely misses you. 😕 HP[+1]
You barely miss the adder. The adder bites you.
You are poisoned.
The adder poisons you! 😕 HP[-3]
You take 3 damage, and now have 23/28 hp.
You miss the adder.
You feel sick. The adder bites you. x2
* * * LOW HITPOINT WARNING * * *
😨 HP[-9]
You take 9 damage, and now have 14/28 hp.
MASSIVE DAMAGE!! (PAUSE)
You hit the adder.
You have got your breath back.
You feel sick. The adder bites you.
* * * LOW HITPOINT WARNING * * *
😨 HP[-4]
You take 4 damage, and now have 10/28 hp.
You barely miss the adder.
You feel sick. The adder barely misses you. x2
You miss the adder.
You feel sick. The adder bites you.
* * * LOW HITPOINT WARNING * * *
😱 HP[-4]
You take 4 damage, and now have 6/28 hp.
Unknown command.
You hit the adder.
You feel sick.
You are no longer poisoned.
The adder looks more healthy.
The adder closely misses you. The adder barely misses you. 😱 HP[-1]
You take 1 damage, and now have 5/28 hp.
You hit the adder.
You kill the adder!
Trog accepts your kill.
The ball python closely misses you. 😱 HP[+1] Unknown command.
You closely miss the ball python. The ball python barely misses you.
You closely miss the ball python. The ball python bites you.
* * * LOW HITPOINT WARNING * * *
The ball python barely misses you. 😱 HP[-1]
You take 1 damage, and now have 5/28 hp.
You hit the ball python.
You kill the ball python!
Trog accepts your kill.
An adder comes into view.
The adder hisses angrily.
Things that are here:
a ball python corpse; an adder corpse; 😱 HP[+1]
Aiming: Spit Poison (2% risk of failure)
Press: ? - help, Shift-Dir - straight line, f - adder
Aim: an adder (37% to hit)
The splash of poison hits the adder but does no damage.
The adder bites you but does no damage.
A red film seems to cover your vision as you go berserk!
You feel yourself moving faster!
You feel mighty! The adder bites you.
* * * LOW HITPOINT WARNING * * *
😱 HP[+1]
You now have 42 max hp (+14).
You slash the adder! The adder barely misses you.
You hit the adder.
You kill the adder!
Trog accepts your kill.
You have got your breath back.
You have reached level 3!
Your experience leads to an increase in your attributes!
Increase (S)trength, (I)ntelligence, or (D)exterity?
You feel stronger. x2; Your skin feels tougher. 😱 HP[+2] MP[+1]
You now have 51 max hp (+9).
You regained 2 hp, and now have 9/51 hp.
Your mp is fully restored (3).
You feel a strong urge to attack something.
Unknown command.
A ribbon worm comes into view.
You feel your anger nearly subside.
You are no longer berserk.
You are exhausted.
You feel yourself slow down. 😱 HP[-3]
You now have 34 max hp (-17). 😱 HP[+1] 😱 HP[+1]
The ribbon worm expels a string of sticky webbing.
The stream of webbing hits you but does no damage.
You are caught in a web!
There is a web here.
Things that are here:
a ball python corpse; an adder corpse The web tears apart. 😨 HP[+1] Unknown command.
The ribbon worm bites you but does no damage.
You hit the ribbon worm. The ribbon worm bites you!
* * * LOW HITPOINT WARNING * * *
😱 HP[-6]
You take 6 damage, and now have 3/34 hp.
You barely miss the ribbon worm. The ribbon worm bites you.
You die...

Action                     || total
---------------------------++-------
  Melee: Hand axe          ||    35
 Invoke: Berserk           ||     1
Ability: Spit Poison       ||     2
 Armour: Animal skin       ||    29
  Dodge: Dodged            ||    26

Levels and vault maps discovered:
D:1:      enne_arrival_octagon_isle, layout_basic,
          hellmonk_ecumenical_altar_pennies_from_heaven
D:2:      layout_basic, minmay_hexomino_r4

Notes
Turn   | Place    | Note
-------+----------+-------------------------------------------
     0 | D:1      | MackTheKnife the Naga Berserker began the quest for the
                  | Orb.
     0 | D:1      | Reached XP level 1. HP: 21/21 MP: 1/1
     0 | D:1      | magus.rc [v1.9.6]
   146 | D:1      | Reached XP level 2. HP: 16/28 MP: 2/2
   231 | D:2      | HP: 6/28 [adder (2)]
   239 | D:2      | HP: 7/42 [adder (3)]
   242 | D:2      | Reached XP level 3. HP: 9/34 MP: 3/3
   252 | D:2      | HP: 3/34 [ribbon worm (7)]
   253 | D:2      | Slain by a ribbon worm

Vanquished Creatures
  2 adders (D:2)
  2 bats (D:1)
  A goblin (D:1)
  2 hobgoblins (D:1)
  2 ball pythons
  A rat (D:1)
10 creatures vanquished.

Table legend:
 A = Non-vault XP
 B = Vault XP
 C = Vault XP percentage of total XP
 D = Non-vault monster count
 E = Vault monster count
 F = Vault count percentage of total count
                 A         B        C        D         E       F
            +---------+---------+-------+---------+---------+-------
      Total |      11 |      28 |  71.8 |       7 |       3 |  30.0
            +---------+---------+-------+---------+---------+-------
        D:1 |      11 |       0 |   0.0 |       7 |       0 |   0.0
        D:2 |       0 |      28 | 100.0 |       0 |       3 | 100.0
            +---------+---------+-------+---------+---------+-------

Action                     || total
---------------------------++-------
  Melee: Hand axe          ||    35
 Invoke: Berserk           ||     1
Ability: Spit Poison       ||     2
 Armour: Animal skin       ||    29
  Dodge: Dodged            ||    26

Illustrated notes

Table legend:
 A = Kills in this place as a percentage of kills in the entire game.
 B = Kills by you in this place as a percentage of kills by you in the entire game.
 C = Kills by friends in this place as a percentage of kills by friends in the entire game.
 D = Other kills in this place as a percentage of other kills in the entire game.
 E = Experience gained in this place as a percentage of experience gained in the entire game.
 F = Experience gained in this place divided by the number of levels of this place that you have seen.
                   A       B       C       D       E      F
               +-------+-------+-------+-------+-------+----------------------
         Total | 100.0 | 100.0 |   N/A |   N/A | 100.0 |  19.5
       Dungeon | 100.0 | 100.0 |   N/A |   N/A | 100.0 |  19.5
               +-------+-------+-------+-------+-------+----------------------

Table legend: (Time is in decaauts)
 A = Elapsed time spent in this place.
 B = Non-inter-level travel time spent in this place.
 C = Inter-level travel time spent in this place.
 D = Time resting spent in this place.
 E = Time spent auto-exploring this place.
 F = Levels seen in this place.
 G = Mean time per level.
                   A        B        C        D        E       F      G
               +--------+--------+--------+--------+--------+-----+--------+
         Total |    341 |    312 |     29 |      0 |    135 |   2 |  170.5 |
       Dungeon |    341 |    312 |     29 |      0 |    135 |   2 |  170.5 |
               +--------+--------+--------+--------+--------+-----+--------+

Top non-repeatable levels by time:
     D:1: 244 daAuts
     D:2: 97 daAuts
